 Dungeon Crawl Stone Soup version 0.29-a0-414-g5075937ec3 (webtiles) character file.

Game seed: 4109417027870593914

103 croobank the Sneak (level 4, -6/27 HPs)
             Began as an Octopode Fire Elementalist on May 16, 2022.
             Mangled by an iguana (7 damage)
             ... on level 4 of the Dungeon.
             The game lasted 00:03:57 (1290 turns).

croobank the Sneak (Octopode Fire Elementalist)     Turns: 1290, Time: 00:03:58

Health: -6/27      AC:  1    Str:  9    XL:     4   Next: 79%
Magic:  0/7        EV: 13    Int: 17    God:
Gold:   82         SH:  0    Dex: 12    Spells: 5/8 levels left

rFire   . . .      SeeInvis .   e - +0 halberd
rCold   . . .      Faith    .   (shield currently unavailable)
rNeg    . . .      Spirit   .   (helmet restricted)
rPois   .          Reflect  .   (no amulet)
rElec   .          Harm     .   (no ring)
rCorr   .          Rampage  .   (no ring)
Will    .....                   (no ring)
Stlth   +++.......              (no ring)
HPRegen 0.09/turn               (no ring)
MPRegen 0.10/turn               (no ring)
                                (no ring)
                                (no ring)

@: no status effects
A: almost no armour, amphibious, 8 rings, camouflage 1, gelatinous body 1,
(nimble swimmer 1), tentacles
a: no special abilities


You were on level 4 of the Dungeon.
You visited 1 branch of the dungeon, and saw 4 of its levels.

You collected 82 gold pieces.

Inventory:

Hand Weapons
 d - a +0 dagger
 e - a +0 halberd (weapon)
Missiles
 c - 73 stones
 l - 3 poisoned darts
Jewellery
 f - a ring of positive energy
Scrolls
 b - 2 scrolls of identify
 h - a scroll of blinking
 j - a scroll of immolation {unknown}
 k - a scroll of teleportation {unknown}
Potions
 a - a potion of magic
 g - a potion of attraction {unknown}
 i - 2 potions of curing {unknown}


   Skills:
 + Level 2.7 Dodging
 + Level 3.8 Stealth
 + Level 2.6 Spellcasting
 + Level 2.1 Conjurations
 + Level 3.5 Fire Magic


You had 5 spell levels left.
You knew the following spells:

 Your Spells              Type           Power      Damage    Failure   Level
a - Foxfire               Conj/Fire      44%        2x1d6     5%          1
b - Scorch                Fire           28%        2d6       6%          2

Your spell library contained the following spells:

 Spells                   Type           Power      Damage    Failure   Level
 Conjure Flame            Conj/Fire      11%        6-21      17%         3
 Inner Flame              Hex/Fire       8%         N/A       26%         3
 Flame Wave               Conj/Fire      11%        2d5       50%         4


Dungeon Overview and Level Annotations

Branches:
Dungeon (4/15)
 Temple: D:4-7

Altars:

Shops:
D:1 [   D:3 [


Innate Abilities, Weirdness & Mutations

You cannot wear most types of armour.
You are amphibious.
You can wear up to eight rings at the same time.
Your skin changes colour to match your surroundings (Stealth+).
Your rubbery body absorbs attacks. (AC +1, EV +1)
((You are camouflaged when in or above water. (Stealth+)))
You have tentacles for arms and can constrict up to eight enemies at once.


Message History

An orc comes into view. It is wielding a +0 mace.
You see here 3 large rocks.
The orc attacks as you move away! The orc barely misses you.
The orc attacks as you move away! The orc barely misses you.
The orc hits you but does no damage.
The orc priest looks encouraged for a moment.
The orc attacks as you move away! The orc misses you.
The orc attacks as you move away! The orc completely misses you.
The orc attacks as you move away! The orc closely misses you.
An orc priest comes into view. It is wielding a +0 dagger.
An orc comes into view. It is wielding a +0 mace.
The orc attacks as you move away! The orc misses you.
Found a purple potion.
You see here a purple potion.
You closely miss the orc. Your grab misses the orc. The orc barely misses you.
The orc misses you. The orc hits you with a +0 dagger.
Okay, then.
As you read the scroll labelled IFECOJ KUOTZUE, it crumbles to dust.
It is a scroll of identify.
h - 2 scrolls of blinking Blink to where?
Press: ? - help, Dir - move target
As you read the scroll of blinking, it crumbles to dust.
There is an escape hatch in the floor here.
You slide downwards.
The hatch slams shut behind you.
Found five items.
Casting: Scorch (safe; 6% risk of failure)
Confirm with . or Enter, or press ? or * to list all spells.
Flames lash the iguana.
The iguana hisses angrily.
The iguana is moderately wounded.
The iguana's fire resistance burns away.
The iguana bites you!
* * * LOW HITPOINT WARNING * * *
Casting: Scorch (safe; 6% risk of failure)
Confirm with . or Enter, or press ? or * to list all spells.
Flames lash the iguana.
The iguana is burned terribly!
The iguana is severely wounded.
The iguana bites you!
You die...

###... #......
##.......
#.....)..
#......(.
#........
#...[....
#@.......
#.l........
.............
.[.............
.....$.........
.................#
.................#
.................#
...............#


You could see an iguana (combustible).

Vanquished Creatures
  A scorpion (D:4)
  An adder (D:3)
  A dart slug (D:4)
  An orc (D:3)
  A giant cockroach (D:1)
  2 goblins (D:1)
  3 hobgoblins
  6 jackals (D:1)
  4 ball pythons
  2 bats (D:1)
  3 kobolds (D:1)
  3 rats (D:1)
28 creatures vanquished.

Vanquished Creatures (others)
  38 foxfires
38 creatures vanquished.

Grand Total: 66 creatures vanquished

Notes
Turn   | Place    | Note
-------+----------+-------------------------------------------
     0 | D:1      | croobank the Octopode Fire Elementalist began the quest for
                  | the Orb.
     0 | D:1      | Reached XP level 1. HP: 11/11 MP: 3/3
   284 | D:1      | Reached XP level 2. HP: 17/17 MP: 5/5
   288 | D:1      | Learned a level 2 spell: Scorch
   595 | D:1      | Found Bayte's Antique Armour Shoppe.
   694 | D:1      | Reached XP level 3. HP: 21/21 MP: 6/6
  1000 | D:2      | You fall into a shaft and drop 2 floors!
  1011 | D:4      | Noticed a scorpion
  1018 | D:4      | Killed a scorpion
  1019 | D:4      | Reached XP level 4. HP: 18/27 MP: 0/7
  1259 | D:3      | Found Memmyut's Armour Shoppe.
  1289 | D:4      | HP: 1/27 [iguana (9)]
  1290 | D:4      | Mangled by an iguana

Illustrated notes

Levels and vault maps discovered:
D:1:      heliophobic_arrival_henge, layout_basic, serial_shops,
          nicolae_shop_advertising_works [nicolae_subvault_shop_adworks]
D:2:      layout_rooms
D:3:      layout_rooms, serial_shops, shop, hellmonk_ecumenical_altar_crossroads
D:4:      layout_rooms

Skill      XL: |  1  2  3 |
---------------+----------+-----
Stealth        | 3 |  3.8
Conjurations   | 2 |  2.1
Dodging        | |  2.7
Spellcasting   | |  2.6
Fire Magic     | |  3.5

Action                   |  1- 3 |  4- 6 || total
-------------------------+-------+-------++-------
Melee: Halberd           |    23 |     2 ||    25
       Constrict         |     3 |       ||     3
       Tentacles         |     3 |       ||     3
 Cast: Foxfire           |    17 |     4 ||    21
       Scorch            |     3 |     5 ||     8
  Use: Scroll            |       |     2 ||     2
 Stab: Sleeping          |     4 |       ||     4
Armor: Skin              |     1 |     2 ||     3
Dodge: Dodged            |    13 |    12 ||    25

Table legend: (Time is in decaauts)
 A = Elapsed time spent in this place.
 B = Non-inter-level travel time spent in this place.
 C = Inter-level travel time spent in this place.
 D = Time resting spent in this place.
 E = Time spent auto-exploring this place.
 F = Levels seen in this place.
 G = Mean time per level.
                   A        B        C        D        E       F      G
               +--------+--------+--------+--------+--------+-----+--------+
         Total |   1301 |   1291 |     10 |    173 |    825 |   4 |  325.2 |
       Dungeon |   1301 |   1291 |     10 |    173 |    825 |   4 |  325.2 |
               +--------+--------+--------+--------+--------+-----+--------+

Top non-repeatable levels by time:
     D:1: 989 daAuts
     D:4: 245 daAuts
     D:3: 45 daAuts
     D:2: 21 daAuts
